 Dungeon Crawl Stone Soup version 0.16-a0-783-gf476f6a (webtiles) character file.

1422176 FiftyNine the Anemomancer (level 27, 171/171 HPs)
             Began as a Tengu Air Elementalist on Sept 25, 2014.
             Was the Champion of Ru.
             Escaped with the Orb
             ... and 3 runes on Sept 26, 2014!
             The game lasted 10:48:29 (113669 turns).

FiftyNine the Anemomancer (TeAE)                  Turns: 113669, Time: 10:48:30

HP 171/171       AC 25     Str 14      XL: 27
MP  31/46        EV 49     Int 32      God: Ru [******]
Gold 5164        SH 20     Dex 30      Spells: 14 memorised,  9 levels left

rFire  + + .     SeeInvis .     a - +9 broad axe (pain)
rCold  + + .     Clarity  .     G - +3 leather armour {rF+}
rNeg   + . .     rCorr    +     A - +5 shield of the Abyss {rN+ MR+}
rPois  +         rRot     .     J - +2 hat of the Stallion {rC+ Dex+3 Int+1}
rElec  +         Spirit   .     Q - +2 cloak {MR+}
SustAb .         Warding  .     v - +2 pair of gloves {Dex+3}
rMut   +         Stasis   .     (boots unavailable)
Gourm  .                        t - amulet of resist mutation
MR     +....                    D - +5 ring of evasion
                                d - +4 ring of protection

@: mighty, brilliant, agile, icy armour, swift, silence, resistant, vulnerable,
flying quickly and evasively, very slightly contaminated, regenerating, hasted,
repel missiles, invisible, very quick, somewhat resistant to hostile
enchantments, unstealthy
A: able to fly continuously, beak, horns 1, talons 3, agile 1, clever 1,
deterioration 1, weak 1, inability to use devices, hated by all, inability to
train armour, vulnerability to harm 1, magic vulnerability 1
a: Stop Flying, Draw Out Power, Power Leap, Apocalypse
0: Orb of Zot
}: 3/15 runes: decaying, serpentine, silver


You escaped.
You worshipped Ru.
Ru was exalted by your worship.
You were full.

You visited 10 branches of the dungeon, and saw 56 of its levels.
You also visited: Labyrinth, Sewer, Bailey and Wizlab.

You collected 7922 gold pieces.
You spent 2758 gold pieces at shops.

Inventory:

Hand weapons
 a - a +9 broad axe of pain (weapon)
 b - the +5 blowgun of Kuint {speed, rC+ MR+ SInv}
   (You found it on level 3 of the Elven Halls)

   Attacks with this weapon are significantly faster.
   It protects you from cold.
   It affects your resistance to hostile enchantments.
   It enhances your eyesight.
 w - a +6 broad axe of electrocution
Missiles
 f - 13 javelins (quivered)
 o - 3 needles of frenzy
 y - 4 throwing nets
 O - 4 curare-tipped needles
Armour
 v - a +2 pair of gloves of dexterity (worn)
 z - the +4 faerie dragon armour {rElec rF+ Int-4}
   (You took it off the Enchantress on level 3 of the Depths)

   It affects your intelligence (-4).
   It protects you from fire.
   It insulates you from electricity.
 A - the +5 shield of the Abyss (worn) {rN+ MR+}
   (You acquired it on level 3 of the Snake Pit)

   It protects you from negative energy.
   It affects your resistance to hostile enchantments.
 G - a +3 leather armour of fire resistance (worn)
 J - the +2 hat of the Stallion (worn) {rC+ Dex+3 Int+1}
   (You bought it in a shop on level 4 of the Orcish Mines)

   It affects your intelligence (+1).
   It affects your dexterity (+3).
   It protects you from cold.
 Q - a +2 cloak of magic resistance (worn)
Comestibles
 c - 13 bread rations
 l - 17 meat rations
Scrolls
 i - 15 scrolls of remove curse
 m - a scroll of holy word
 r - 5 scrolls of identify
 x - 6 scrolls of fog
 B - 2 scrolls of fear
 E - 2 scrolls of teleportation
 L - 3 scrolls of vulnerability
 R - 3 scrolls of blinking
 V - a scroll of amnesia
Jewellery
 d - a +4 ring of protection (left hand)
 g - an uncursed ring of poison resistance
 p - an uncursed ring of protection from magic
 t - an amulet of resist mutation (around neck)
 D - a +5 ring of evasion (right hand)
 I - an uncursed ring of see invisible
 M - an uncursed ring of protection from cold
 S - an uncursed amulet of clarity
 W - the ring of Skuffism {+Fly rF+}
   (You took it off a deep elf mage on level 3 of the Elven Halls)

   [ring of flight]

   It protects you from fire.
   It lets you fly.
Potions
 e - 7 potions of restore abilities
 h - 10 potions of heal wounds
 n - 3 potions of brilliance
 q - 3 potions of magic
 s - 6 potions of cancellation
 H - a potion of cure mutation
 K - a potion of invisibility
 U - 15 potions of curing
Books
 F - a book of Dreams

   Spells                             Type                      Level
   Ensorcelled Hibernation            Hexes/Ice                    2
   Flight                             Charms/Air                   3
   Phase Shift                        Translocation                5
   Shadow Creatures                   Summoning                    5
   Mass Confusion                     Hexes                        6
   Darkness                           Hexes                        7


   Skills:
 - Level 17.0 Fighting
 - Level 18.7 Axes
 - Level 16.2 Dodging
 - Level 9.1 Stealth
 - Level 15.0 Shields
 - Level 18.1 Spellcasting
 - Level 26.0 Conjurations
 - Level 12.0 Charms
 - Level 13.0 Necromancy
 - Level 3.1 Translocations
 + Level 26.4 Air Magic


You had 9 spell levels left.
You knew the following spells:

 Your Spells              Type           Power        Failure   Level  Hunger
a - Agony                 Necr           #######.     1%          5    None
b - Swiftness             Chrm/Air       ########     0%          2    None
c - Ozocubu's Armour      Chrm/Ice       ######..     1%          3    None
d - Repel Missiles        Chrm/Air       ######       0%          2    None
e - Bolt of Draining      Conj/Necr      ########..   0%          5    None
f - Corpse Rot            Necr           N/A          0%          2    None
g - Blink                 Tloc           N/A          1%          2    None
h - Haste                 Chrm           #######.     1%          6    None
i - Orb of Destruction    Conj           ########..   1%          7    ###....
j - Apportation           Tloc           ######....   1%          1    None
k - Silence               Hex/Air        #######...   1%          5    None
l - Summon Butterflies    Summ           #####...     1%          1    None
m - Tornado               Air            ########..   1%          9    ######.
z - Regeneration          Chrm/Necr      #######...   1%          3    None


Dungeon Overview and Level Annotations

Branches:
Dungeon (15/15)            Temple (1/1) D:6             Orc (4/4) D:11
    Elf (3/3) Orc:4          Lair (8/8) D:8           Swamp (5/5) Lair:5
  Snake (5/5) Lair:6        Slime (0/6) Lair:7       Vaults (5/5) D:14
  Crypt (0/3) Vaults:2     Depths (5/5) D:15            Zot (5/5) Depths:5

Altars:
Ashenzari
Cheibriados
Dithmenos
Elyvilon
Fedhas
Gozag
Kikubaaqudgha
Makhleb
Nemelex Xobeh
Okawaru
Qazlal
Ru
Sif Muna
Trog
Vehumet
Xom
Yredelemnul
Zin
The Shining One

Shops:
D:14 (   Orc:2 *   Orc:4 [[==   Elf:2 !   Snake:5 }!(   Vaults:1 !   Depths:2 =

Portals:
Abyss: Depths:4
Pandemonium: Depths:3 Depths:5
Ziggurat: Depths:1
Trove: D:15 (give +6 demon trident)

Annotations:
D:4 exclusion: worker ant
D:5 exclusion: sky beast
D:10 exclusion: 2 sky beasts, Erolcha, Nergalle
D:11 exclusion: gargoyle
Elf:3 Roxanne
Lair:1 exclusion: door
Lair:3 Maud
Depths:1 exclusions: 2 doors and 2 ice statues
Depths:2 Mara
Abyss:1 Ijyb


Innate Abilities, Weirdness & Mutations

You can fly continuously.
You have a beak for a mouth.
You have claws for feet.
Your body is slowly deteriorating.
You are weak. (Str -2)
You cannot study or use magical devices.
You are hated by all.
You cannot train your Armour skill.
You take slightly more damage. (-3 AC)
You are slightly vulnerable to magic.
You have a pair of small horns on your head.
You are agile. (Dex +2)
Your mind is acute. (Int +2)


Message History

Confirm with . or Enter, or press ? or * to list all spells.
A film of ice covers your body!
Casting: Ozocubu's Armour
Confirm with . or Enter, or press ? or * to list all spells.
You are already protected from missiles.
Casting: Repel Missiles
Confirm with . or Enter, or press ? or * to list all spells.
Your skin crawls.
Casting: Regeneration
Confirm with . or Enter, or press ? or * to list all spells.
Your skin crawls.
Casting: Regeneration
Confirm with . or Enter, or press ? or * to list all spells.
Okay, then.
Read which item? (? for menu, Esc to quit)
Okay, then.
Casting: Regeneration
Confirm with . or Enter, or press ? or * to list all spells.
A profound silence engulfs you.
You have escaped!

#.# ##.# ####..##. #.#
#####.# #....#.
#.###...#.#######.#....
#.##..#...........#....
####.#..#.#...............
#......#...#..............
#.#####.....#####..###..>.
#..#...........#...# #....
##..#....@....#....# ###.#
##..#.........#..### ##X#
#..#...........#..#####...
#.#####.....#####.##....).
#......#...#......##......
######..#.#..#.#.###......
##..#.......# #>.....
##...###.### #...... #####
#..# ##.#...


There were no monsters in sight!

Vanquished Creatures
  3 orbs of fire (Zot:5)
  4 ancient liches
  Saint Roka (Swamp:2)
  Boris (Vaults:3)
  A curse toe (Zot:5)
  Margery (Depths:3)
  Norris (Swamp:4)
  2 Killer Klowns (Zot:5)
  Mennas (Vaults:2)
  12 golden dragons
  Xtahua (Depths:3)
  Frederick (Depths:3)
  the Enchantress (Depths:3)
  Nikola (Snake:2)
  A bone dragon (Depths:5)
  4 electric golems
  3 liches
  17 tentacled monstrosities
  6 titans
  Asterion (Snake:1)
  3 quicksilver dragons (Vaults:5)
  26 Orb Guardians
  4 deep elf master archers (Elf:3)
  4 deep elf blademasters
  An eldritch tentacle (Depths:1)
  11 storm dragons
  An octopode crusher (Depths:4)
  11 sphinxes
  Agnes (Snake:2)
  9 shadow dragons
  A thorn hunter (Swamp:4)
  3 tengu reavers
  6 draconian monks
  7 fire giants
  2 azure jellies (Depths:1)
  Donald (Swamp:4)
  2 orc warlords
  Wiglaf (Depths:2)
  6 frost giants
  13 greater nagas
  5 draconian scorchers
  An iron dragon (Vaults:5)
  12 deep elf sorcerers
  Aizul (Snake:1)
  18 vault wardens
  3 ghost moths
  8 emperor scorpions
  4 draconian knights
  12 large abominations
  4 draconian zealots
  A reaper (Depths:5)
  17 stone giants
  4 spriggan defenders (Depths:3)
  7 draconian annihilators
  13 deep elf demonologists
  11 very ugly things
  2 war gargoyles
  4 draconian callers
  2 draconian shifters
  6 grey draconians
  2 green draconians
  8 mottled draconians
  6 pale draconians
  6 dire elephants
  19 purple draconians
  5 red draconians
  11 black draconians
  16 deep elf annihilators
  7 white draconians
  8 yellow draconians
  Snorg (Lair:3)
  An eidolon (Depths:1)
  28 vault guards
  4 minotaurs
  13 deep elf death magi
  6 great orbs of eyes
  12 ettins
  18 ironheart preservers
  A quicksilver dragon zombie (Depths:4)
  Josephine (D:12)
  18 fire dragons
  27 yaktaur captains
  6 deep elf high priests
  5 death cobs
  Fannar (D:12)
  26 ice dragons
  29 hydras
  19 naga warriors
  4 rakshasas
  Nessos (Snake:1)
  14 centaur warriors
  9 statues (WizLab)
  7 spriggan air magi
  A ravenous item mimic (Zot:3)
  Erica (Lair:1)
  17 dancing weapons
  10 anacondas
  4 deep troll shamans
  6 alligators
  22 ogre magi
  4 deep troll earth magi
  17 death yaks
  8 tengu warriors
  18 naga sharpshooters
  4 hell knights
  8 spriggan berserkers
  2 soul eaters (Depths:1)
  2 vampire magi
  12 shock serpents
  2 fire crabs
  A fire crab (shapeshifter) (Vaults:4)
  6 salamander mystics
  2 catoblepae
  2 iron trolls (Depths:1)
  11 deep trolls
  3 skeletal warriors
  A shadow demon (Depths:3)
  3 giant orange brains
  A shadow wraith (Vaults:5)
  7 wizards
  3 sea snakes
  4 spriggan druids
  16 deep elf summoners
  30 deep elf knights
  8 swamp dragons
  12 ironbrand convokers
  12 naga ritualists
  3 unseen horrors
  4 ice statues (Depths:4)
  A tengu zombie (Vaults:5)
  44 ugly things
  12 necromancers
  5 flayed ghosts
  A swamp dragon (shapeshifter) (Vaults:5)
  6 hill giants
  2 putrid demonspawn
  9 mana vipers
  19 orc knights
  9 harpies
  24 deep elf conjurers
  A frost giant zombie (Depths:4)
  4 manticores
  A wolf spider (Vaults:4)
  2 fauns (Depths:3)
  A phantasmal warrior (Vaults:4)
  18 salamanders
  An iron dragon skeleton (Depths:4)
  29 naga magi
  23 moths of wrath
  8 griffons
  8 red wasps
  40 black mambas
  2 sixfirhies
  3 orc sorcerers
  5 cyclopes
  A black mamba (shapeshifter) (Depths:5)
  3 guardian serpents
  A stone giant skeleton (Vaults:5)
  Maurice (Orc:3)
  2 salamanders (shapeshifter)
  Joseph (Orc:2)
  2 gargoyles (D:15)
  8 elephants
  A centaur skeleton (D:15)
  27 spiny frogs
  2 torpor snails
  A torpor snail (shapeshifter) (Depths:5)
  An iron devil (Depths:3)
  10 vault sentinels
  5 spectral swamp worms (Depths:2)
  2 orange demons
  A smoke demon (Depths:5)
  3 eyes of devastation (Depths:1)
  9 komodo dragons
  Psyche (D:11)
  7 demonic crawlers
  A death yak zombie (D:15)
  4 kobold demonologists
  A spiny frog (shapeshifter) (Elf:3)
  2 anaconda simulacra (Depths:1)
  3 efreet
  4 fire drakes
  A yaktaur zombie (Vaults:5)
  18 deep elf priests
  38 two-headed ogres
  Grinder (D:5)
  A giant leech (shapeshifter) (Depths:4)
  6 jumping spiders
  A queen bee (Lair:1)
  6 trolls
  A tengu simulacrum (Vaults:5)
  3 freezing wraiths
  74 yaktaurs
  10 giant leeches
  6 tengu conjurers
  A blue devil (Zot:5)
  2 jumping spiders (shapeshifter)
  A polar bear (Lair:8)
  Sonja (D:10)
  5 wandering mushrooms
  A queen bee (shapeshifter) (Depths:3)
  A wind drake (shapeshifter) (D:15)
  A moth of wrath zombie (Zot:2)
  Prince Ribbit (D:6)
  9 bog bodies
  2 raiju (Depths:1)
  37 blink frogs
  A hydra skeleton (D:15)
  5 boulder beetles
  An ettin zombie (Vaults:5)
  A blink frog (shapeshifter) (Vaults:2)
  6 baby alligators
  19 ravens
  2 baby alligators (shapeshifter)
  3 wyverns
  A fire dragon zombie (D:15)
  50 slime creatures
  47 deep elf magi
  5 trapdoor spiders
  4 hogs (Snake:4)
  3 water elementals (Depths:4)
  An ettin skeleton (D:15)
  4 basilisks
  3 shadows
  A snapping turtle (shapeshifter) (Elf:1)
  14 spriggans
  A tarantella (Elf:2)
  A hill giant zombie (D:12)
  6 air elementals
  23 redbacks
  5 humans (Lair:4)
  45 yaks
  3 wraiths
  Eustachio (D:5)
  A steam dragon (shapeshifter) (Elf:3)
  8 hungry ghosts
  Grum (Orc:2)
  A hill giant skeleton (D:13)
  37 deep elf fighters
  2 golden eyes (shapeshifter)
  2 golden eyes (Depths:1)
  11 wargs
  2 chaos spawn
  2 spatial vortices (Depths:1)
  An ogre zombie (D:12)
  44 vampire mosquitoes
  A soldier ant (shapeshifter) (Depths:4)
  Menkaure (D:5)
  28 wolves
  9 hippogriffs
  2 human zombies
  A mottled dragon (D:14)
  53 nagas
  29 water moccasins
  31 swamp worms
  16 porcupines
  A hydra simulacrum (Depths:1)
  A putrid demonspawn skeleton (Depths:3)
  42 orc warriors
  2 human skeletons
  9 small abominations
  17 ice beasts
  7 sky beasts
  12 swamp drakes
  An orc zombie (D:15)
  A necrophage (D:12)
  16 yellow wasps
  4 phantoms
  73 ogres
  A black bear (shapeshifter) (Vaults:5)
  A black mamba simulacrum (Depths:1)
  A boring beetle (Lair:6)
  13 centaurs
  A manticore skeleton (D:11)
  5 big kobolds
  Sigmund (D:6)
  Duvessa (D:4)
  14 crocodiles
  6 lost souls
  Blork the orc (D:6)
  43 giant frogs
  22 insubstantial wisps
  A cyclops zombie (D:11)
  A glowing shapeshifter simulacrum (Vaults:3)
  A shapeshifter zombie (D:15)
  A hippogriff zombie (D:11)
  4 scorpions
  A water moccasin skeleton (D:6)
  An eye of draining (D:9)
  5 wights (D:11)
  34 killer bees
  2 troll skeletons (D:12)
  An elephant simulacrum (Depths:1)
  A spriggan skeleton (Lab)
  8 electric eels
  14 crimson imps
  2 goliath beetles
  Dowan (D:4)
  5 jellies
  28 orc priests
  A cyclops simulacrum (D:12)
  6 elf zombies
  A giant frog zombie (D:11)
  A basilisk skeleton (D:12)
  An elf skeleton (D:12)
  11 orange rats
  7 iguanas
  11 hounds
  2 lightning spires (Depths:1)
  32 orc wizards
  15 worker ants
  A troll simulacrum (Depths:1)
  10 sheep
  Jessica (D:2)
  An ogre skeleton (Lab)
  A mottled dragon skeleton (D:14)
  2 naga simulacra (Depths:1)
  25 adders
  13 gnolls
  108 green rats
  4 shadow imps
  A worker ant zombie (D:8)
  7 giant mites (Sewer)
  14 white imps
  A worm (D:5)
  A steam dragon simulacrum (D:12)
  An adder zombie (D:8)
  An iguana skeleton (D:6)
  An iguana zombie (D:10)
  2 giant eyeballs
  22 giant geckos
  228 orcs
  14 ball pythons
  2 bat skeletons
  A bat zombie (D:7)
  19 giant cockroaches
  24 hobgoblins
  25 jackals
  11 oozes (Sewer)
  14 quokkas
  15 bats
  15 giant newts
  8 giant spores
  25 goblins
  A hobgoblin skeleton (D:6)
  35 kobolds
  A kobold zombie (D:6)
  A quokka zombie (D:5)
  15 rats
  33 ballistomycetes
  3 butterflies
  8 fungi
  8 plants
3284 creatures vanquished.

Vanquished Creatures (others)
  A tentacled monstrosity (Zot:4)
  An Orb Guardian (Zot:5)
  A quicksilver dragon (Depths:3)
  3 tengu reavers
  A sphinx (Depths:1)
  A fire giant (Depths:2)
  A ghost moth (Zot:5)
  A draconian knight (Zot:1)
  2 stone giants (Depths:5)
  A vampire knight (Depths:2)
  2 very ugly things (Depths:3)
  A purple draconian (Zot:1)
  An ettin (Depths:3)
  A deep elf high priest (Elf:3)
  A vault guard (Vaults:2)
  A hydra (shapeshifter) (Depths:4)
  A centaur warrior (Vaults:1)
  2 hydras
  A spriggan air mage (Depths:5)
  An ogre mage (Vaults:2)
  An anaconda (Snake:3)
  A salamander mystic (Snake:4)
  An unseen horror (Depths:4)
  2 ball lightnings (Depths:1)
  An infernal demonspawn (Depths:3)
  A deep troll (Depths:1)
  An ugly thing zombie (D:15)
  2 wolf spiders (Vaults:1)
  2 deep elf conjurers
  A griffon (Lair:7)
  A harpy (Vaults:4)
  A phantasmal warrior (Vaults:5)
  2 elephants (Lair:4)
  A naga mage (Snake:5)
  A kobold demonologist (D:11)
  A troll (D:9)
  3 yaktaurs
  4 two-headed ogres
  A bog body (Swamp:1)
  A boulder beetle (Vaults:4)
  A basilisk (D:15)
  2 blink frogs
  2 deep elf magi
  A spriggan (Depths:3)
  2 deep elf fighters
  2 vampire mosquitoes
  A swamp worm (Swamp:3)
  A naga (Snake:5)
  2 water moccasins
  An orc warrior (D:13)
  A yellow wasp (Swamp:5)
  An ogre (Vaults:5)
  A centaur (Depths:3)
  A lost soul (Elf:3)
  2 giant frogs (Lair:8)
  An elf zombie (Elf:1)
  An insubstantial wisp (Swamp:2)
  A killer bee (D:11)
  A hound (Lair:4)
  An orc wizard (Swamp:2)
  A brain worm simulacrum (D:15)
  An adder (Lair:5)
  4 green rats
  A white imp (Lair:5)
  3 orcs
  A hobgoblin (D:8)
  A jackal (D:6)
  A giant spore (D:8)
  A kobold (Vaults:2)
  4 butterflies
  61 eldritch tentacle segments (Depths:1)
  14 fungi
  19 plants
192 creatures vanquished.

Grand Total: 3476 creatures vanquished

Notes
Turn   | Place    | Note
--------------------------------------------------------------
     0 | D:1      | FiftyNine, the Tengu Air Elementalist, began the quest for the Orb.
     0 | D:1      | Reached XP level 1. HP: 10/10 MP: 3/3
   245 | D:1      | Reached XP level 2. HP: 15/15 MP: 1/5
   642 | D:1      | Found a shattered altar of Ashenzari.
   814 | D:1      | Reached XP level 3. HP: 19/19 MP: 2/7
  1046 | D:1      | Learned a level 2 spell: Swiftness
  1395 | D:2      | Noticed Jessica
  1397 | D:2      | Killed Jessica
  1397 | D:2      | Reached XP level 4. HP: 24/24 MP: 5/8
  1746 | D:2      | Reached skill level 5 in Air Magic
  1962 | D:2      | Learned a level 3 spell: Static Discharge
  2101 | D:2      | Reached skill level 5 in Conjurations
  2101 | D:2      | Reached XP level 5. HP: 28/28 MP: 5/11
  2666 | D:3      | Found a deep blue altar of Sif Muna.
  2666 | D:3      | Found a shimmering altar of Xom.
  2667 | D:3      | Found an ancient bone altar of Kikubaaqudgha.
  2691 | D:3      | Found a glowing drain.
  2804 | Sewer    | Entered a sewer
  2971 | Sewer    | Reached skill level 6 in Air Magic
  3171 | Sewer    | Reached XP level 6. HP: 32/32 MP: 6/12
  4446 | Sewer    | Reached skill level 7 in Air Magic
  5595 | D:4      | Reached XP level 7. HP: 33/36 MP: 11/14
  5809 | D:4      | Noticed Duvessa
  6079 | D:4      | Noticed Dowan
  6095 | D:4      | Killed Dowan
  6556 | D:4      | Killed Duvessa
  6731 | D:4      | Reached skill level 5 in Dodging
  6790 | D:5      | Entered Level 5 of the Dungeon
  6794 | D:5      | Learned a level 2 spell: Repel Missiles
  6896 | D:5      | Noticed Grinder
  6915 | D:5      | Killed Grinder
  6915 | D:5      | Reached XP level 8. HP: 36/41 MP: 4/16
  7010 | D:5      | Found an opulent altar of Gozag.
  7082 | D:5      | Noticed Menkaure
  7088 | D:5      | Killed Menkaure
  7548 | D:5      | Noticed Eustachio
  7559 | D:5      | Killed Eustachio
  7559 | D:5      | Reached skill level 8 in Dodging
  8258 | D:6      | Found a staircase to the Ecumenical Temple.
  8271 | D:6      | Noticed Blork the orc
  8272 | D:6      | Noticed Sigmund
  8290 | D:6      | Killed Blork the orc
  8387 | D:6      | Reached skill level 5 in Stealth
  8521 | D:6      | Killed Sigmund
  8521 | D:6      | Reached XP level 9. HP: 27/45 MP: 7/17
  8674 | Temple   | Entered the Ecumenical Temple
  8726 | Temple   | Became a worshipper of Ru the Awakened
  9617 | D:6      | Noticed Prince Ribbit
 10308 | D:7      | Gained mutation: You take slightly more damage. (-3 AC) [Ru sacrifice]
 10308 | D:7      | Acquired Ru's first power
 10969 | D:8      | Found a staircase to the Lair.
 11504 | D:8      | Noticed a fire drake
 11934 | D:8      | Killed a fire drake
 12171 | D:8      | Reached skill level 9 in Stealth
 12793 | D:7      | Noticed a hill giant
 13233 | D:9      | Found a bloodstained altar of Trog.
 13243 | D:9      | Noticed a gargoyle
 13481 | D:9      | Gained mutation: You are hated by all. [Ru sacrifice]
 13481 | D:9      | Acquired Ru's second power
 14070 | D:9      | Reached XP level 10. HP: 50/50 MP: 10/18
 14169 | D:10     | Entered Level 10 of the Dungeon
 14343 | D:10     | Noticed Sonja
 14353 | D:10     | Killed Sonja
 14555 | D:10     | Noticed Nergalle
 15153 | D:9      | Learned a level 5 spell: Lightning Bolt
 15524 | Lair:1   | Entered Level 1 of the Lair of Beasts
 15528 | Lair:1   | Reached skill level 10 in Conjurations
 15528 | Lair:1   | Reached skill level 10 in Air Magic
 15588 | Lair:1   | Noticed Erica
 15701 | Lair:1   | Noticed a black mamba
 15736 | Lair:1   | Killed a black mamba
 15934 | Lair:1   | Reached skill level 11 in Conjurations
 16020 | Lair:1   | Gained mutation: You cannot study or use magical devices. [Ru sacrifice]
 16020 | Lair:1   | Acquired Ru's third power
 16356 | Lair:1   | Reached XP level 11. HP: 30/54 MP: 2/20
 16753 | Lair:1   | Reached skill level 12 in Conjurations
 17019 | Lair:1   | Noticed a five-headed hydra
 17026 | Lair:1   | Killed a five-headed hydra
 17575 | Lair:2   | Noticed a six-headed hydra
 17811 | Lair:2   | Noticed a four-headed hydra
 17815 | Lair:2   | Killed a four-headed hydra
 18035 | Lair:2   | Noticed a six-headed hydra
 18100 | Lair:2   | Reached skill level 5 in Spellcasting
 18378 | Lair:2   | Killed a six-headed hydra
 18760 | Lair:2   | Killed a six-headed hydra
 19144 | Lair:2   | Reached XP level 12. HP: 42/59 MP: 22/29
 19602 | Lair:3   | Noticed Snorg
 20214 | Lair:3   | Killed Snorg
 20353 | Lair:3   | Noticed a seven-headed hydra
 20360 | Lair:3   | Killed a seven-headed hydra
 20361 | Lair:3   | Gained mutation: You are slightly vulnerable to magic. [Ru sacrifice]
 20361 | Lair:3   | Acquired Ru's fourth power
 20361 | Lair:3   | Acquired Ru's fifth power
 21110 | Lair:3   | Noticed Maud
 21604 | Lair:4   | Reached skill level 10 in Spellcasting
 22177 | Lair:4   | Gained mutation: You are weak. (Str -2) [Ru sacrifice]
 22393 | Lair:4   | Reached skill level 1 in Shields
 22397 | Lair:4   | Noticed Ijyb
 22410 | Lair:4   | Banished Ijyb
 23200 | Lair:5   | Reached skill level 5 in Shields
 23208 | Lair:5   | Reached XP level 13. HP: 26/63 MP: 8/32
 23928 | Lair:5   | HP: 3/63 [elephant (3)]
 23937 | Lair:5   | Noticed a death yak
 24248 | Lair:5   | Found a staircase to the Swamp.
 24310 | Lair:5   | Reached skill level 1 in Fighting
 25074 | Lair:5   | Killed a death yak
 25455 | Lair:5   | Reached skill level 5 in Fighting
 25575 | Lair:5   | Gained mutation: You cannot train your Armour skill. [Ru sacrifice]
 26410 | Lair:6   | Reached XP level 14. HP: 80/80 MP: 33/33
 27092 | Lair:6   | Found a staircase to the Snake Pit.
 28802 | Lair:7   | Found a staircase to the Slime Pits.
 29344 | Lair:8   | Entered Level 8 of the Lair of Beasts
 29723 | Lair:7   | Reached XP level 15. HP: 56/92 MP: 9/34
 29908 | Lair:8   | Reached skill level 10 in Fighting
 30636 | Lair:7   | Reached skill level 1 in Axes
 31580 | Lair:8   | Got a pair of bloodstained gloves
 31733 | Lair:8   | Reached skill level 5 in Axes
 31782 | Lair:8   | Identified the +2 pair of gloves "Blupnom" {+Inv} (You found it on level 8 of the Lair of Beasts)
 32904 | Lair:8   | Got a smoking hand axe
 32910 | Lair:8   | Identified the cursed -2 hand axe of Skech {speed, rC+ Int+3} (You found it on level 8 of the Lair of Beasts)
 33753 | Lair:1   | Killed Erica
 34068 | D:6      | Killed Prince Ribbit
 34204 | D:7      | Killed a hill giant
 34669 | D:10     | Noticed Erolcha
 34837 | D:11     | Found a staircase to the Orcish Mines.
 34837 | D:11     | Found an ancient bone altar of Kikubaaqudgha.
 34865 | D:11     | Gained mutation: Your body is slowly deteriorating. [Ru sacrifice]
 35228 | D:11     | Noticed Psyche
 35232 | D:11     | Killed Psyche
 35676 | Orc:1    | Entered Level 1 of the Orcish Mines
 36570 | Orc:1    | Reached skill level 10 in Axes
 36614 | Orc:2    | Found Ezaalis' General Store.
 36622 | Orc:2    | Bought a potion of haste for 77 gold pieces
 36655 | Orc:2    | Found a flagged portal.
 36681 | Bailey   | Entered a bailey
 37155 | Bailey   | Got a smoking crystal plate armour
 37246 | Bailey   | Identified the +10 crystal plate armour of the Bulwark {rC+} (You found it in a bailey)
 37259 | Orc:2    | Noticed Grum
 37265 | Orc:2    | Killed Grum
 37832 | Orc:2    | Noticed Joseph
 37838 | Orc:2    | Killed Joseph
 39062 | Orc:3    | Noticed Maurice
 39081 | Orc:3    | Killed Maurice
 39437 | Orc:4    | Entered Level 4 of the Orcish Mines
 39438 | Orc:4    | Found a staircase to the Elven Halls.
 40577 | Orc:4    | Reached XP level 16. HP: 56/98 MP: 10/35
 40908 | Orc:4    | Found Shiroopu's Armour Shop.
 40908 | Orc:4    | Found Hosethoh's Jewellery Shoppe.
 40909 | Orc:4    | Found Uniumih's Armour Shoppe.
 40909 | Orc:4    | Found Stofetso's Jewellery Boutique.
 41185 | Orc:4    | Bought a +0 cloak of magic resistance for 172 gold pieces
 41185 | Orc:4    | Bought the +2 hat of the Stallion {rC+ Dex+3 Int+1} for 546 gold pieces
 41188 | Orc:4    | Bought an uncursed ring of protection from cold for 450 gold pieces
 41188 | Orc:4    | Bought an uncursed ring of protection from fire for 450 gold pieces
 41190 | Orc:4    | Bought a +3 ring of intelligence for 219 gold pieces
 41638 | Lair:1   | Learned a level 2 spell: Corpse Rot
 41932 | D:12     | Noticed Fannar
 41948 | D:12     | Killed Fannar
 42212 | D:12     | Reached skill level 13 in Conjurations
 42682 | D:12     | Noticed Josephine
 42689 | D:12     | Killed Josephine
 43502 | D:13     | Found an ancient bone altar of Kikubaaqudgha.
 44362 | D:14     | Found a gate to the Vaults.
 44371 | D:14     | Reached skill level 14 in Conjurations
 44384 | D:14     | Found a labyrinth entrance.
 44389 | Lab      | Entered a labyrinth
 45039 | Lab      | Got an encrusted plate armour
 45040 | Lab      | Identified the +3 plate armour of Life {+Rage rElec} (You found it in a labyrinth)
 46054 | D:14     | Reached skill level 15 in Conjurations
 46380 | D:14     | Identified the Grimoire of the Earthen Escort
 46662 | D:14     | Found Pruo's Antique Weapon Boutique.
 46672 | D:14     | Bought a glowing blowgun for 92 gold pieces
 46944 | D:15     | Entered Level 15 of the Dungeon
 46948 | D:15     | Found a staircase to the Depths.
 47606 | D:15     | Reached skill level 15 in Air Magic
 47898 | D:15     | Learned a level 2 spell: Blink
 47922 | D:15     | Reached skill level 16 in Conjurations
 48630 | D:15     | Found a portal to a secret trove of treasure.
 48877 | D:15     | Reached skill level 17 in Conjurations
 49462 | Lair:1   | Learned a level 6 spell: Haste
 49482 | Lair:1   | Gained mutation: You are dopey. (Int -2) [potion of mutation]
 49482 | Lair:1   | Gained mutation: You are clumsy. (Dex -2) [potion of mutation]
 49488 | Lair:1   | Lost mutation: You are dopey. (Int -2) [potion of cure mutation]
 49488 | Lair:1   | Lost mutation: You are clumsy. (Dex -2) [potion of cure mutation]
 49569 | Lair:4   | Reached skill level 1 in Necromancy
 49690 | Swamp:1  | Entered Level 1 of the Swamp
 50231 | Swamp:1  | Reached XP level 17. HP: 101/103 MP: 36/36
 50457 | Swamp:2  | Noticed Saint Roka
 50512 | Swamp:1  | HP: 5/103 [giant leech (14)]
 51084 | Swamp:2  | Reached skill level 5 in Necromancy
 52385 | Swamp:2  | Killed Saint Roka
 54786 | Swamp:4  | Reached skill level 10 in Necromancy
 54931 | Swamp:4  | Reached skill level 1 in Translocations
 56263 | Swamp:4  | Noticed Norris
 56444 | Swamp:4  | Killed Norris
 56514 | Swamp:5  | Entered Level 5 of the Swamp
 56916 | Swamp:5  | Noticed Donald
 58565 | Swamp:5  | Reached XP level 18. HP: 108/108 MP: 12/36
 59162 | Swamp:4  | Killed Donald
 60052 | Swamp:5  | Got a decaying rune of Zot
 60239 | Lair:6   | Upgraded the game from 0.16-a0-778-g0731923 to 0.16-a0-783-gf476f6a
 60365 | Lair:1   | Learned a level 5 spell: Bolt of Draining
 60371 | Lair:1   | Learned a level 5 spell: Agony
 60514 | Snake:1  | Entered Level 1 of the Snake Pit
 60546 | Snake:1  | Noticed Asterion
 60579 | Snake:1  | Killed Asterion
 60646 | Snake:1  | Noticed Nessos
 60754 | Snake:1  | Killed Nessos
 60850 | Snake:1  | Noticed Aizul
 61693 | Snake:1  | Reached skill level 15 in Dodging
 62452 | Snake:1  | Killed Aizul
 62679 | Snake:2  | Noticed Nikola
 62692 | Snake:2  | Killed Nikola
 62836 | Snake:2  | Noticed Agnes
 62848 | Snake:2  | Killed Agnes
 63603 | Snake:3  | Identified a scroll of acquirement
 63605 | Snake:3  | Got a crude shield
 63616 | Snake:3  | Identified the +5 shield of the Abyss {rN+ MR+} (You acquired it on level 3 of the Snake Pit)
 65940 | Snake:4  | Got a smoking cloak
 65941 | Snake:4  | Identified the -4 cloak of Objectivity {Str+2 Dex+4} (You acquired it on level 4 of the Snake Pit)
 65996 | Snake:4  | Reached skill level 10 in Shields
 66467 | Snake:4  | Reached XP level 19. HP: 113/113 MP: 37/37
 68784 | Snake:4  | Noticed Kirke
 68928 | Snake:4  | Noticed Kirke
 68928 | Snake:4  | Kirke changed into Kirke the hog
 68931 | Snake:4  | Killed Kirke the hog
 69011 | Snake:5  | Entered Level 5 of the Snake Pit
 69022 | Snake:5  | Found Gaguiqui's Weapon Boutique.
 69606 | Snake:5  | Found Skas' Distillery.
 70109 | Snake:5  | Bought a potion of curing for 30 gold pieces
 70109 | Snake:5  | Bought a potion of curing for 30 gold pieces
 70588 | Snake:5  | Found Prieclutowk's Gadget Emporium.
 71402 | Snake:5  | Reached skill level 15 in Shields
 71831 | Snake:5  | Reached XP level 20. HP: 118/118 MP: 22/37
 72604 | Snake:5  | Got a serpentine rune of Zot
 73012 | Lair:1   | Learned a level 5 spell: Silence
 73137 | Vaults:1 | Entered Level 1 of the Vaults
 73544 | Vaults:1 | Got a slimy war axe
 73545 | Vaults:1 | Identified the +6 war axe of Frustration {venom, rC++ Dex+1 Int+2} (You found it on level 1 of the Vaults)
 73683 | Vaults:1 | Learned a level 3 spell: Regeneration
 73726 | Vaults:1 | Found Much's Distillery.
 73767 | Vaults:1 | Bought a potion of haste for 147 gold pieces
 74620 | Vaults:2 | Paralysed by a sphinx for 5 turns
 74803 | Vaults:2 | Gained mutation: Your mind is acute. (Int +2) [potion of beneficial mutation]
 74885 | Vaults:2 | Reached skill level 15 in Axes
 76097 | Vaults:2 | Found a staircase to the Crypt.
 76097 | Vaults:2 | Found an ancient bone altar of Kikubaaqudgha.
 76098 | Vaults:2 | Found a basalt altar of Yredelemnul.
 76147 | Vaults:2 | Reached XP level 21. HP: 94/123 MP: 6/38
 76379 | Vaults:2 | ru_unreasons
 76673 | Vaults:3 | Noticed Mennas
 76674 | Vaults:3 | fuck
 76674 | Vaults:3 | fucketyfucketyfuck
 77945 | Vaults:3 | Noticed Boris
 78011 | Vaults:3 | Reached skill level 18 in Axes
 78162 | Vaults:3 | Paralysed by an orc sorcerer for 5 turns
 78644 | Vaults:3 | Killed Boris
 78971 | Vaults:4 | Reached skill level 1 in Charms
 80367 | Vaults:4 | Reached skill level 5 in Charms
 80884 | Lair:1   | Learned a level 7 spell: Orb of Destruction
 81036 | Elf:1    | Entered Level 1 of the Elven Halls
 81056 | Elf:1    | Found a radiant altar of Vehumet.
 81510 | Elf:1    | Identified the Catalogue of Unholy Rites
 81775 | Elf:1    | Gained mutation: You are agile. (Dex +2) [a neqoxec]
 81977 | Elf:1    | Reached XP level 22. HP: 122/128 MP: 37/39
 82693 | Elf:2    | Found Rufot's Distillery.
 82701 | Elf:2    | Bought a potion of haste for 77 gold pieces
 82701 | Elf:2    | Bought a potion of haste for 77 gold pieces
 82701 | Elf:2    | Bought a potion of might for 27 gold pieces
 82701 | Elf:2    | Bought a potion of invisibility for 60 gold pieces
 82701 | Elf:2    | Bought 2 potions of curing for 44 gold pieces
 83730 | Elf:3    | Entered Level 3 of the Elven Halls
 83977 | Elf:3    | Reached skill level 10 in Charms
 84127 | Elf:3    | Noticed Roxanne
 84875 | Elf:3    | shit
 85497 | Elf:3    | Got a scintillating pewter ring
 85503 | Elf:3    | Identified the ring of Skuffism {+Fly rF+} (You took it off a deep elf mage on level 3 of the Elven Halls)
 85934 | Elf:3    | Got a shimmering steel ring
 85942 | Elf:3    | Identified the ring "Atucic" {Dex+1 Stlth-} (You took it off a deep elf summoner on level 3 of the Elven Halls)
 86003 | Elf:3    | Got a crystal war axe
 86004 | Elf:3    | Identified the +6 war axe of the Iron City of Dis {speed, rF+ rC+} (You took it off a deep elf mage on level 3 of the Elven Halls)
 87046 | Elf:3    | Reached XP level 23. HP: 133/133 MP: 19/39
 87388 | Elf:3    | Got a faintly glowing emerald amulet
 87389 | Elf:3    | Identified the amulet of Surprise {Inacc Str+2 Int-4} (You found it on level 3 of the Elven Halls)
 87464 | Elf:3    | Reached skill level 19 in Conjurations
 87738 | Elf:3    | Identified Sif Muna's Almanac of Conjuration
 87787 | Elf:3    | Got a pitted blowgun
 87788 | Elf:3    | Identified the +5 blowgun of Kuint {speed, rC+ MR+ SInv} (You found it on level 3 of the Elven Halls)
 88161 | Lair:1   | Learned a level 3 spell: Ozocubu's Armour
 88305 | Depths:1 | Entered Level 1 of the Depths
 88368 | Depths:1 | Found a magical portal.
 88373 | WizLab   | Entered Iskenderun's Mystic Tower
 88925 | WizLab   | Reached skill level 20 in Conjurations
 89608 | WizLab   | Identified Iskenderun's Catalogue of Battle Magic
 89608 | WizLab   | Identified Iskenderun's Collected Works on Blistering Combat Magic
 89912 | Depths:1 | Identified the Reference Book on Hexes
 89980 | Depths:1 | Found a sparkling altar of Nemelex Xobeh.
 90253 | Depths:1 | Identified the Reference Book on the Assistive Voyage (You found it on level 1 of the Depths)
 90580 | Depths:1 | Identified the Grimoire of the Wheelwright
 91317 | Depths:1 | Found a gateway to a ziggurat.
 91330 | Depths:1 | Paralysed by a giant eyeball for 3 turns
 91344 | Depths:1 | Paralysed by a giant eyeball for 3 turns
 91351 | Depths:1 | Paralysed by a giant eyeball for 4 turns
 91363 | Depths:1 | Paralysed by a giant eyeball for 2 turns
 91509 | Depths:1 | Found a gateway to Hell.
 91646 | Depths:2 | Noticed Mara
 91688 | Depths:2 | Found Trotzy's Jewellery Shop.
 91738 | Depths:2 | Bought an uncursed amulet of clarity for 260 gold pieces
 92027 | Depths:2 | Found a shimmering altar of Xom.
 92373 | Depths:2 | Found a gateway to Hell.
 92373 | Depths:2 | Noticed Wiglaf
 92411 | Depths:2 | Killed Wiglaf
 92525 | Depths:2 | Reached XP level 24. HP: 124/140 MP: 2/42
 93504 | Depths:3 | Found a one-way gate leading to the halls of Pandemonium.
 93923 | Depths:3 | Noticed Margery
 94101 | Depths:3 | Killed Margery
 94917 | Depths:3 | Noticed Xtahua
 94929 | Depths:3 | Killed Xtahua
 95090 | Depths:3 | Found a gateway to Hell.
 95140 | Depths:3 | Reached skill level 15 in Fighting
 95684 | Depths:3 | Noticed Frederick
 95757 | Depths:3 | Killed Frederick
 95891 | Depths:3 | Reached XP level 25. HP: 151/157 MP: 40/42
 96139 | Depths:3 | Noticed the Enchantress
 96166 | Depths:3 | Killed the Enchantress
 96168 | Depths:3 | Got a faerie dragon armour
 96238 | Depths:3 | Learned a level 1 spell: Apportation
 96240 | Depths:3 | Learned a level 1 spell: Summon Butterflies
 96248 | Depths:3 | Identified the +4 faerie dragon armour {rElec rF+ Int-4} (You took it off the Enchantress on level 3 of the Depths)
 96419 | Depths:4 | Found a gateway to Hell.
 96702 | Depths:4 | Gained mutation: You have a pair of small horns on your head. [potion of beneficial mutation]
 97161 | Depths:4 | Found a one-way gate to the infinite horrors of the Abyss.
 98072 | Depths:5 | Entered Level 5 of the Depths
 99195 | Depths:5 | Found a gate to the Realm of Zot.
 99426 | Depths:5 | Found a gateway to Hell.
 99935 | D:14     | Reached XP level 26. HP: 166/166 MP: 37/43
100077 | Vaults:2 | Killed Mennas
100393 | Vaults:5 | Entered Level 5 of the Vaults
100760 | Vaults:5 | Noticed an ancient lich
100944 | Vaults:4 | Killed an ancient lich
101161 | Vaults:5 | Got a glittering jade ring
101302 | Vaults:5 | Identified the ring "Lotozih" {rC+ Str-5} (You took it off a vault warden on level 5 of the Vaults)
101323 | Vaults:5 | Reached skill level 21 in Conjurations
101807 | Vaults:5 | Noticed an ancient lich
101829 | Vaults:5 | Reached skill level 22 in Conjurations
101866 | Vaults:5 | Killed an ancient lich
102039 | Vaults:5 | Got a silver rune of Zot
102276 | Vaults:5 | Identified the Almanac of Conjuration and Fire
102363 | Vaults:5 | Identified Dogua's Incunabulum of Stones
102453 | Vaults:5 | Reached skill level 23 in Conjurations
102552 | Vaults:4 | Reached XP level 27. HP: 153/171 MP: 27/43
102905 | Vaults:5 | Reached skill level 24 in Conjurations
103003 | Vaults:5 | Got a twisted leather armour
103014 | Vaults:5 | Identified the cursed -1 leather armour of Negation {Str-4 Int+3} (You found it on level 5 of the Vaults)
104202 | Depths:2 | Noticed FiftyNine's illusion
104549 | Zot:1    | Entered Level 1 of the Realm of Zot
104782 | Zot:1    | Got a warped ring mail
104783 | Zot:1    | Identified the +3 ring mail of the New World {Dex-5 Int+2} (You found it on level 1 of the Realm of Zot)
104911 | Zot:1    | Learned a level 9 spell: Tornado
106536 | Zot:2    | Reached skill level 15 in Spellcasting
107649 | Zot:2    | Found a glowing silver altar of Zin.
107662 | Zot:2    | Found a shadowy altar of Dithmenos.
107666 | Zot:2    | Found a glowing golden altar of the Shining One.
107926 | Zot:3    | Got a bloodstained robe
107927 | Zot:3    | Identified the +0 robe of the Last Beggars {Str+3 Int+3} (You found it on level 3 of the Realm of Zot)
110119 | Zot:5    | Entered Level 5 of the Realm of Zot
110960 | Zot:5    | Noticed an ancient lich
111006 | Zot:5    | Killed an ancient lich
111539 | Zot:5    | Reached skill level 25 in Conjurations
112145 | Zot:5    | Noticed an ancient lich
112182 | Zot:5    | Killed an ancient lich
112248 | Zot:5    | Noticed an orb of fire
112434 | Zot:5    | Reached skill level 26 in Conjurations
112536 | Zot:5    | Noticed an orb of fire
112549 | Zot:5    | Killed an orb of fire
112581 | Zot:5    | Noticed an orb of fire
112637 | Zot:5    | Noticed an orb of fire
112647 | Zot:5    | Killed an orb of fire
112722 | Zot:5    | Killed an orb of fire
112892 | Zot:5    | Got the Orb of Zot
112945 | Zot:5    | Noticed Gaobyro the pandemonium lord
113171 | Depths:5 | Noticed Dywur the pandemonium lord
113669 | D:$      | Escaped with the Orb!

Action                   |  1- 3 |  4- 6 |  7- 9 | 10-12 | 13-15 | 16-18 | 19-21 | 22-24 | 25-27 || total
-------------------------+-------+-------+-------+-------+-------+-------+-------+-------+-------++-------
Melee: Dagger            |    20 |    41 |    53 |       |       |       |       |       |       ||   114
       Hand axe          |       |       |   132 |     5 |  1047 |  1744 |       |       |       ||  2928
       Short sword       |       |       |       |   270 |    97 |       |       |       |       ||   367
       Broad axe         |       |       |       |       |       |   616 |  1497 |  1604 |  2736 ||  6453
 Fire: Blowgun           |       |       |       |       |    36 |    32 |       |     3 |     9 ||    80
Throw: Stone             |     9 |       |     2 |       |       |       |       |       |       ||    11
       Javelin           |       |       |     3 |       |     9 |    15 |     7 |     3 |       ||    37
       Throwing net      |       |       |     1 |       |       |       |       |       |       ||     1
       Tomahawk          |       |       |       |       |     1 |       |       |       |       ||     1
 Cast: Shock             |    59 |   216 |   320 |   314 |   294 |   113 |     2 |       |       ||  1318
       Swiftness         |       |     3 |     5 |     1 |     2 |     1 |     1 |     2 |     2 ||    17
       Static Discharge  |       |     5 |    43 |    86 |   130 |    30 |     5 |       |       ||   299
       Repel Missiles    |       |       |     3 |       |     4 |     3 |     4 |     4 |     7 ||    25
       Lightning Bolt    |       |       |       |    82 |   157 |   190 |     6 |       |       ||   435
       Blink             |       |       |       |       |       |     1 |       |       |     1 ||     2
       Agony             |       |       |       |       |       |    56 |   144 |   106 |    97 ||   403
       Bolt of Draining  |       |       |       |       |       |    46 |   141 |   118 |   100 ||   405
       Regeneration      |       |       |       |       |       |       |    30 |    46 |    94 ||   170
       Silence           |       |       |       |       |       |       |     2 |       |     5 ||     7
       Orb of Destructio |       |       |       |       |       |       |       |    40 |    32 ||    72
       Ozocubu's Armour  |       |       |       |       |       |       |       |    47 |   117 ||   164
       Haste             |       |       |       |       |       |       |       |     5 |    20 ||    25
       Summon Butterflie |       |       |       |       |       |       |       |       |     3 ||     3
       Tornado           |       |       |       |       |       |       |       |       |     2 ||     2
Invok: Sacrifice Health  |       |       |     1 |       |       |       |       |       |       ||     1
       Sacrifice Love    |       |       |     1 |       |       |       |       |       |       ||     1
       Sacrifice Artific |       |       |       |     1 |       |       |       |       |       ||     1
       Power Leap        |       |       |       |     3 |     8 |     6 |    15 |     4 |     5 ||    41
       Sacrifice Purity  |       |       |       |     1 |     1 |       |       |       |       ||     2
       Sacrifice Essence |       |       |       |     1 |       |       |       |       |       ||     1
       Sacrifice Durabil |       |       |       |       |     1 |       |       |       |       ||     1
       Reject Sacrifices |       |       |       |       |     1 |       |       |       |       ||     1
       Draw Out Power    |       |       |       |       |       |     1 |     1 |       |       ||     2
       Apocalypse        |       |       |       |       |       |       |     1 |     1 |       ||     2
 Abil: Fly               |       |       |       |    11 |     9 |       |       |     2 |     3 ||    25
       Stop Flying       |       |       |       |       |       |       |       |     2 |     3 ||     5
Evoke: Wand              |       |       |     3 |     3 |       |       |       |       |       ||     6
  Use: Scroll            |       |     6 |    12 |     9 |    13 |    23 |    18 |    18 |    16 ||   115
       Potion            |       |       |     4 |     3 |     3 |    10 |     6 |     1 |    37 ||    64
 Stab: Sleeping          |       |       |     2 |     5 |    13 |    24 |    23 |    21 |    22 ||   110
       Paralysed         |       |       |     5 |     3 |    18 |    29 |    10 |     5 |    15 ||    85
       Distracted        |       |       |       |     2 |     4 |    22 |    12 |    11 |    15 ||    66
       Invisible         |       |       |       |     1 |    13 |    39 |    18 |    11 |    58 ||   140
       Confused          |       |       |       |       |       |     1 |       |     1 |       ||     2
  Eat: Chunk             |     3 |    11 |    10 |    18 |    31 |   102 |    82 |    41 |    17 ||   315
       Meat ration       |       |     1 |     2 |     3 |     7 |     2 |       |       |     9 ||    24
       Bread ration      |       |       |     3 |     2 |     2 |       |       |     5 |     1 ||    13
       Beef jerky        |       |       |     1 |       |     1 |       |       |     5 |     5 ||    12
       Fruit             |       |       |       |     9 |       |     5 |     7 |     5 |     4 ||    30
       Pizza             |       |       |       |     1 |     1 |     2 |       |       |     4 ||     8
       Royal jelly       |       |       |       |       |       |     1 |       |     1 |     1 ||     3
